AoeStats
← Hitokirivan

Arabia

507471503Analyzed
1v1 RM · 15d ago on Sep 18, 2026· 39m 33s· 2 players
Game mode
Random Map
Map size
Tiny (2 player)
Population
200
Speed
Normal
Resources
Standard
Victory
Conquest
Starting age
Dark Age
Ending age
Imperial Age
RankedLock teamsTeams togetherTeam positionsShared explorationLock speedFull tech treeHidden civsTurbo modeCheats
Victory
Defeat
🇵🇪 Huns · Peru
1004
+16
🇬🇧 Tatars · United Kingdom
996
-16
dgmorris295
7:47 Loom
10:41 Feudal Age
12:12 Double-Bit Axe
17:48 Horse Collar
20:10 Wheelbarrow
22:28 Castle Age
21:04 Bloodlines
23:05 Elite Skirmisher
24:20 Fletching
24:31 Padded Archer Armor
24:50 Hand Cart
26:30 Bodkin Arrow
28:04 Scale Barding Armor
31:31 Leather Archer Armor
31:37 Chain Barding Armor
32:44 Ballistics
34:30 Town Watch
36:20 Bow Saw
38:06 Light Cavalry
Hitokirivan
5:24 Loom
9:25 Feudal Age
10:15 Double-Bit Axe
20:20 Castle Age
18:14 Gold Mining
18:06 Horse Collar
18:24 Fletching
18:36 Padded Archer Armor
19:48 Bloodlines
21:15 Husbandry
21:28 Bodkin Arrow
23:12 Wheelbarrow
22:51 Bow Saw
24:24 Pikeman
25:05 Squires
26:01 Ballistics
26:06 Heavy Plow
26:09 Padded Archer Armor
28:33 Forging
34:43 Imperial Age
34:48 Heavy Cavalry Archer
35:53 Parthian Tactics
35:35 Bracer
36:57 Parthian Tactics
37:09 Town Watch
39:04 Cavalier
Connection lost

Rejoining the realm…

Still unreachable

The connection could not be restored.

Session expired

The server has moved on; the page needs a fresh start.